 Dungeon Crawl Stone Soup version 0.15.1-3-g1b33baa (webtiles) character file.

4783 Muskel the Severer (level 10, 0/115 HPs)
             Began as a Minotaur Berserker on Oct 8, 2014.
             Was a High Priest of Trog.
             Succumbed to a spiny frog's poison
             ... on Level 1 of the Lair of Beasts.
             The game lasted 00:26:42 (7654 turns).

Muskel the Severer (Minotaur Berserker)             Turns: 7654, Time: 00:26:42

HP   0/115       AC  8     Str 28      XL: 10   Next: 23%
MP   4/5         EV  8     Int  4      God: Trog [*****.]
Gold 460         SH  0     Dex 12      Spells:  0 memorised,  9 levels left

rFire  + . .     SeeInvis +     b - +1 broad axe (chop) (curse)
rCold  . . .     Clarity  +     f - +0 chain mail (curse)
rNeg   . . .     rCorr    .     (no shield)
rPois  .         rRot     .     (helmet restricted)
rElec  .         Spirit   .     (no cloak)
SustAb .         Warding  .     (no gloves)
rMut   .         Stasis   .     (no boots)
Gourm  .                        w - cursed amulet of clarity
MR     .....                    C - cursed ring of protection from fire
                                y - cursed ring of see invisible

@: berserking (expiring), lethally poisoned, very quick, not resistant to
hostile enchantments, extremely unstealthy
A: retaliatory headbutt, horns 2
a: Burn Spellbooks, Berserk, Trog's Hand, Brothers in Arms, Renounce Religion


You were on level 1 of the Lair of Beasts.
You worshipped Trog.
Trog was extremely pleased with you.
You were not hungry.

You visited 2 branches of the dungeon, and saw 9 of its levels.
You also visited: Ossuary.

You collected 625 gold pieces.
You spent 165 gold pieces at shops.

Inventory:

Hand weapons
 b - a cursed +1 broad axe of chopping (weapon)
Armour
 f - a cursed +0 chain mail (worn)
Magical devices
 l - a wand of random effects (9)
 A - a wand of hasting (4) {unknown}
 D - a wand of polymorph (4)
 I - a wand of cold (7) {unknown}
 K - a wand of magic darts (8)
 P - a wand of heal wounds (2)
 Q - a wand of random effects (8)
Comestibles
 c - 2 bread rations
 m - 10 royal jellies
 z - 4 meat rations
 N - 2 rotting chunks of crocodile flesh
 T - 3 beef jerkies
 U - a slice of pizza
Scrolls
 d - 3 scrolls of magic mapping {unknown}
 e - 13 scrolls of identify
 h - 6 scrolls of remove curse {unknown}
 j - a scroll of fog {unknown}
 k - a scroll of immolation {unknown}
 o - 5 scrolls of random uselessness {unknown}
 q - 3 scrolls of amnesia {unknown}
 r - 3 scrolls of recharging {unknown}
 s - 8 scrolls of teleportation {unknown}
 v - 2 scrolls of blinking {unknown}
 B - a scroll of enchant weapon {unknown}
 G - a scroll of silence {unknown}
 H - 3 scrolls of noise {unknown}
 S - a scroll of fear {unknown}
Jewellery
 w - a cursed amulet of clarity (around neck)
 y - a cursed ring of see invisible (left hand)
 C - a cursed ring of protection from fire (right hand)
 E - a cursed ring of stealth
 J - a cursed ring of protection from cold
Potions
 a - 2 potions of restore abilities {unknown}
 g - 2 potions of agility {unknown}
 i - 4 potions of lignification {unknown}
 n - 7 potions of curing {unknown}
 p - a potion of porridge
 t - 2 potions of brilliance {unknown}
 u - 2 potions of confusion {unknown}
 x - a potion of magic {unknown}
 F - a potion of cure mutation {unknown}
 L - a potion of flight {unknown}
 M - a potion of haste {unknown}
 O - a potion of degeneration {unknown}
 R - 2 potions of cancellation {unknown}


   Skills:
 - Level 3.6 Fighting
 + Level 16.9 Axes
 - Level 2.4 Armour
 - Level 2.1 Dodging
 + Level 0.8 Evocations


You had 9 spell levels left.
You didn't know any spells.

Dungeon Overview and Level Annotations

Branches:
Dungeon (8/15)             Temple (0/1) D:6            Lair (1/8) D:8

Altars:
Cheibriados
Elyvilon
Makhleb
Okawaru
Qazlal
Sif Muna
Vehumet

Shops:
D:4 =


Innate Abilities, Weirdness & Mutations

You reflexively headbutt those who attack you in melee.
You have a pair of horns on your head.


Message History

You barely miss the spiny frog.
The spiny frog is severely wounded.
* * * LOW HITPOINT WARNING * * *
You feel sick. The spiny frog stings you!
* * * LOW HITPOINT WARNING * * *
You hit the spiny frog.
The spiny frog is severely wounded.
* * * LOW HITPOINT WARNING * * *
You feel sick.
You slash the spiny frog!
You kill the spiny frog!
Trog accepts your kill.
* * * LOW HITPOINT WARNING * * *
You feel sick.
* * * LOW HITPOINT WARNING * * *
You feel very sick.
Found 18 gold pieces.
You are too berserk!
You feel a strong urge to attack something.
You die...

......... . ......[...
.$.# ............# ...#
............# ...#
............# ...#
............# ...# .
............### ...##..
............#.###.....#..
................@........
.........................
.........................
#######.#.##.#.######.##
########## #


There were no monsters in sight!

Vanquished Creatures
  3 torpor snails (Lair:1)
  A spiny frog (Lair:1)
  A komodo dragon (Lair:1)
  A hippogriff (D:7)
  A water moccasin (Lair:1)
  2 sky beasts (D:7)
  2 ice beasts
  Purgy (D:3)
  An orc warrior (D:6)
  4 centaurs
  3 ogres
  A big kobold (D:7)
  A giant frog (D:7)
  4 crocodiles
  Blork the orc (D:6)
  The ghost of SaintRoka the Magician, an average NaWz (D:3)
  A water moccasin zombie (D:7)
  2 scorpions
  A yak zombie (D:7)
  2 troll zombies (Ossuary)
  A yellow wasp zombie (D:6)
  5 crimson imps
  2 centaur zombies
  A hound (D:5)
  2 orc priests (D:8)
  3 jellies (D:8)
  2 worker ants
  A giant frog skeleton (D:8)
  5 orc wizards
  2 killer bee zombies
  2 ogre zombies (Ossuary)
  7 mummies (Ossuary)
  A gnoll (D:1)
  5 adders
  A shadow imp (D:8)
  An inept item mimic (D:3)
  A white imp (D:3)
  2 worms
  3 adder zombies (Ossuary)
  2 orc zombies
  An iguana zombie (D:8)
  3 giant geckos
  6 oozes
  23 orcs
  3 ball pythons
  16 bats
  2 gnoll zombies (Ossuary)
  11 goblins
  18 hobgoblins
  9 jackals
  5 quokkas
  12 giant cockroaches
  5 giant newts
  A giant spore (D:8)
  A gnoll skeleton (D:4)
  A goblin zombie (Ossuary)
  6 hobgoblin zombies (Ossuary)
  27 kobolds
  4 kobold zombies (Ossuary)
  An orc skeleton (D:5)
  2 quokka zombies (Ossuary)
  20 rats
  6 rat zombies (Ossuary)
  A ballistomycete (D:8)
  8 fungi (D:8)
  A plant (D:8)
276 creatures vanquished.

Vanquished Creatures (others)
  A fungus (D:8)
1 creature vanquished.

Grand Total: 277 creatures vanquished

Notes
Turn   | Place    | Note
--------------------------------------------------------------
     0 | D:1      | Muskel, the Minotaur Berserker, began the quest for the Orb.
     0 | D:1      | Reached XP level 1. HP: 19/19 MP: 1/1
    74 | D:1      | Reached skill level 4 in Axes
   158 | D:1      | Reached XP level 2. HP: 20/26 MP: 1/1
   226 | D:1      | Reached skill level 5 in Axes
   230 | D:1      | Reached XP level 3. HP: 21/31 MP: 2/2
   244 | D:1      | Acquired Trog's second power
  1221 | D:3      | Reached XP level 4. HP: 39/39 MP: 2/2
  1244 | D:3      | Reached skill level 6 in Axes
  1385 | D:3      | Noticed SaintRoka's ghost (average NaWz)
  1422 | D:3      | Killed SaintRoka's ghost
  1422 | D:3      | Reached skill level 7 in Axes
  1422 | D:3      | Reached XP level 5. HP: 45/45 MP: 2/2
  1652 | D:3      | Noticed Purgy
  1667 | D:3      | Killed Purgy
  1667 | D:3      | Reached skill level 8 in Axes
  1667 | D:3      | Reached XP level 6. HP: 36/51 MP: 3/3
  1781 | D:3      | Found a snail-covered altar of Cheibriados.
  2540 | D:4      | Reached skill level 9 in Axes
  2584 | D:4      | Acquired Trog's third power
  2743 | D:4      | Found Chathrea's Jewellery Shop.
  2751 | D:4      | Bought an uncursed ring of see invisible for 165 gold pieces
  3058 | D:5      | Entered Level 5 of the Dungeon
  3058 | D:5      | Found an iron altar of Okawaru.
  3074 | D:5      | Found a white marble altar of Elyvilon.
  3123 | D:5      | Reached XP level 7. HP: 44/57 MP: 3/3
  3249 | D:5      | Found a deep blue altar of Sif Muna.
  3266 | D:5      | Reached skill level 10 in Axes
  4017 | D:6      | Reached skill level 11 in Axes
  4185 | D:6      | Reached XP level 8. HP: 64/64 MP: 3/3
  4382 | D:6      | Found a staircase to the Ecumenical Temple.
  4520 | D:6      | Reached skill level 12 in Axes
  4558 | D:6      | Noticed Blork the orc
  4592 | D:6      | Killed Blork the orc
  4688 | D:6      | Found a burning altar of Makhleb.
  4699 | D:6      | Found a radiant altar of Vehumet.
  5221 | D:7      | Reached skill level 13 in Axes
  5230 | D:7      | Found an iron altar of Okawaru.
  5511 | D:7      | Reached XP level 9. HP: 19/70 MP: 4/4
  5580 | D:7      | Reached skill level 14 in Axes
  5582 | D:7      | Received a gift from Trog
  5904 | D:8      | Found a staircase to the Lair.
  6208 | D:8      | Found a sand-covered staircase.
  6217 | Ossuary  | Entered an ossuary
  6330 | Ossuary  | Reached skill level 15 in Axes
  6715 | D:8      | Found a stormy altar of Qazlal.
  7115 | Lair:1   | Entered Level 1 of the Lair of Beasts
  7212 | Lair:1   | Noticed a torpor snail
  7213 | Lair:1   | Found a snail-covered altar of Cheibriados.
  7214 | Lair:1   | Noticed a torpor snail
  7221 | Lair:1   | Killed a torpor snail
  7224 | Lair:1   | Killed a torpor snail
  7224 | Lair:1   | Reached skill level 16 in Axes
  7241 | Lair:1   | Noticed a torpor snail
  7249 | Lair:1   | Killed a torpor snail
  7249 | Lair:1   | Reached XP level 10. HP: 15/77 MP: 4/4
  7619 | Lair:1   | Noticed a komodo dragon
  7626 | Lair:1   | Killed a komodo dragon
  7642 | Lair:1   | Noticed a spiny frog
  7652 | Lair:1   | Killed a spiny frog
  7652 | Lair:1   | HP: 4/115 [poisoned by a spiny frog]
  7654 | Lair:1   | Succumbed to a spiny frog's poison

Action                   |  1- 3 |  4- 6 |  7- 9 | 10-12 || total
-------------------------+-------+-------+-------+-------++-------
Melee: Hand axe          |    77 |   148 |   280 |       ||   505
       Unarmed           |       |       |    26 |       ||    26
       Broad axe         |       |       |   189 |    26 ||   215
Invok: Trog's Hand       |       |     3 |     6 |     1 ||    10
       Berserk           |       |     1 |     4 |     2 ||     7
Evoke: Wand              |       |       |     3 |       ||     3
  Use: Potion            |     1 |       |     1 |       ||     2
       Scroll            |       |       |     2 |       ||     2
  Eat: Chunk             |     1 |     6 |    15 |       ||    22
       Beef jerky        |       |       |     1 |       ||     1
       Royal jelly       |       |       |     1 |       ||     1
       Bread ration      |       |       |       |     1 ||     1
